 Dungeon Crawl Stone Soup version 0.30.0-15-g856e2d3f33 (webtiles) character file.

Game seed: 5591015107209324948

8542 tizbic2 the Arsonist (level 11, -3/91 HPs)
             Began as a Pale Draconian Air Elementalist on May 19, 2023.
             Was a Priest of Vehumet.
             Slain by Urug
             ... wielding a +6 antimagic broad axe
              (26 damage)
             ... on level 11 of the Dungeon.
             The game lasted 00:58:38 (9369 turns).

tizbic2 the Arsonist (DrAE)                         Turns: 9369, Time: 00:58:38

Health: -3/91      AC: 11    Str: 13    XL:     11   Next: 11%
Magic:  0/20       EV: 13    Int: 15    God:    Vehumet [***...]
Gold:   1153       SH:  7    Dex: 12    Spells: 5/22 levels left

rFire   . . .        w - +8 hand axe (vamp)
rCold   + . .        i - +2 buckler {rC+}
rNeg    + . .        (body armour unavailable)
rPois   .            y - +2 hat
rElec   .            g - scarf {repulsion}
rCorr   .            c - +0 pair of gloves
SInv    .            d - +0 pair of boots
Will    .....        f - amulet of guardian spirit
Stlth   ++           I - ring of positive energy
HPRegen 0.35/turn    (no ring)
MPRegen 0.17/turn

%: repel missiles, guardian spirit
@: short of breath
A: breathe steam, AC +7, unfitting armour, cold-blooded, steam resistance,
mutation resistance 1, weak 1, no potion heal 1
a: Breathe Steam, Renounce Religion


You were on level 11 of the Dungeon.
You worshipped Vehumet.
Vehumet was most pleased with you.
You visited 2 branches of the dungeon, and saw 12 of its levels.
You visited the Abyss 1 time.

You collected 1648 gold pieces.
You spent 495 gold pieces at shops.

Inventory:

Hand Weapons
 l - a +0 dagger of venom
 w - a +8 vampiric hand axe (weapon)
 z - a +2 mace of protection
Missiles
 k - 13 boomerangs (quivered)
 C - 2 poisoned darts
Armour
 c - a +0 pair of gloves (worn)
 d - a +0 pair of boots (worn)
 g - a scarf of repulsion (worn)
 i - a +2 buckler of cold resistance (worn)
 t - a +2 cloak
 y - a +2 hat (worn)
Magical Staves
 r - a staff of fire
 E - a staff of poison
Jewellery
 f - an amulet of guardian spirit (around neck)
 v - a ring of ice
 I - a ring of positive energy (left hand)
Wands
 m - a wand of iceblast (15)
 n - a wand of flame (17)
 q - a wand of polymorph (24)
 A - a wand of charming (31)
 D - a wand of digging (7)
 L - a wand of light (5)
Scrolls
 h - 2 scrolls of blinking
 j - 10 scrolls of teleportation
 p - a scroll of brand weapon
 x - 2 scrolls of silence {unknown}
 B - 2 scrolls of vulnerability
 H - a scroll of enchant armour {unknown}
 M - a scroll of fear
 O - a scroll of identify
Potions
 a - 3 potions of brilliance
 b - 5 potions of curing
 e - 3 potions of resistance
 o - 2 potions of invisibility
 s - 3 potions of magic
 u - a potion of flight {unknown}
 F - 2 potions of attraction {unknown}
 G - 3 potions of degeneration {unknown}
 K - a potion of cancellation {unknown}
 N - a potion of heal wounds
Miscellaneous
 J - a lightning rod (4/4)


   Skills:
 + Level 6.6 Fighting
 + Level 5.9 Axes
 + Level 6.1 Dodging
 - Level 1.7 Stealth
 - Level 4.0 Shields
 + Level 6.0 Spellcasting
 + Level 6.0 Conjurations
 * Level 8.1 Fire Magic
 * Level 7.2 Air Magic


You had 5 spell levels left.
You knew the following spells:

 Your Spells              Type           Power      Damage    Failure   Level
a - Shock                 Conj/Air       96%        1d9       1%          1
b - Static Discharge      Conj/Air       48%        2-4/arc   1%          2
c - Freeze                Ice            16%        1d4       5%          1
d - Airstrike             Air            13%        2d(2-18)  2%          4
e - Scorch                Fire           58%        2d7       1%          2
f - Flame Wave            Conj/Fire      25%        2d8       3%          4
g - Volatile Blastmotes   Fire/Tloc      32%        2d12      3%          3

Your spell library contained the following spells:

 Spells                   Type           Power      Damage    Failure   Level
 Olgreb's Toxic Radiance  Pois           4%         N/A       41%         4
 Kiss of Death            Conj/Necr      52%        2d9       1%          1
 Swiftness                Air            26%        N/A       3%          3
 Sticky Flame             Conj/Fire      25%        2d5       3%          4
 Ignite Poison            Fire/Tmut/Pois 12%        N/A       5%          3
 Arcjolt                  Conj/Air       12%        1d22      10%         5
 Vhi's Electric Charge    Tloc/Air       30%        N/A       13%         3
 Fulminant Prism          Conj/Hex       6%         3d7       16%         4
 Iskenderun's Mystic Bla  Conj/Tloc      13%        2d5       16%         4
 Blink                    Tloc           8%         N/A       28%         2
 Confusing Touch          Hex            4%         N/A       50%         3
 Tukima's Dance           Hex            4%         N/A       50%         3
 Lee's Rapid Deconstruct  Erth           2%         3d4*      75%         5
 Yara's Violent Unravell  Hex/Tmut       2%         3d3       75%         5
 Dispel Undead            Necr           4%         3d7       88%         4
 Manifold Assault         Tloc           4%         N/A       88%         4
 Passage of Golubria      Tloc           4%         N/A       88%         4
 Summon Cactus Giant      Summ           2%         N/A       100%        6
 Storm Form               Tmut/Air       7%         N/A       100%        7
 Ignition                 Fire           14%        3d6       100%        8
 Maxwell's Capacitive Co  Air            13%        ∞         100%        8


Dungeon Overview and Level Annotations

Branches:
Dungeon (11/15)            Temple (1/1) D:4            Lair (0/5) D:9
    Orc (0/2) D:10

Altars:
Ashenzari
Dithmenos
Elyvilon
Fedhas
Gozag
Hepliaklqana
Kikubaaqudgha
Makhleb
Nemelex Xobeh
Okawaru
Qazlal
Ru
Trog
Vehumet
Wu Jian
Xom
Zin
The Shining One

Shops:
D:4 ?   D:6 :

Annotations:
D:11 Urug


Innate Abilities, Weirdness & Mutations

You can breathe blasts of scalding, opaque steam.
Your pale cyan-grey scales are hard. (AC +7)
You cannot fit into any form of body armour.
You are cold-blooded and may be slowed by cold attacks.
You are immune to the effects of steam.
You are somewhat resistant to further mutation.
You are weak. (Str -2)
Potions are less effective at restoring your health.


Message History

You hit Urug but do no damage.
Urug is moderately wounded.
Urug hits you with a +6 antimagic broad axe.
You hit Urug. You tail-slap Urug, but do no damage.
Urug is moderately wounded.
You block Urug's attack.
You completely miss Urug.
Urug is moderately wounded.
Urug misses you.
You closely miss Urug.
Your tail-slap misses Urug.
Urug is moderately wounded.
Urug squints, then shrugs and mutters, "Close enough."
Urug hits you with a +6 antimagic broad axe!!
You feel your power leaking away.
You closely miss Urug.
Your tail-slap misses Urug.
Urug is moderately wounded.
Urug hits you with a +6 antimagic broad axe!
You hit Urug.
You feel better.
Urug is moderately wounded.
Urug completely misses you.
You closely miss Urug.
Urug is moderately wounded.
Urug barely misses you.
You hit Urug. You tail-slap Urug, but do no damage.
Urug is heavily wounded.
Urug hits you with a +6 antimagic broad axe!
You feel your power leaking away.
You hit Urug. You tail-slap Urug.
Urug is heavily wounded.
You block Urug's attack.
You hit Urug.
You feel better.
Urug is heavily wounded.
Urug hits you with a +6 antimagic broad axe.
Urug hits you with a +6 antimagic broad axe!
* * * LOW HITPOINT WARNING * * *
You hit Urug but do no damage.
Your tail-slap misses Urug.
Urug is heavily wounded.
Urug mutters, "Sometimes I wonder if they all really are harpies."
Urug hits you with a +6 antimagic broad axe!!
You die...

#....###....# '....# #....#
#....# #....# #....###.§§.#
################......§....#
................... ...§.§.#
.................# §§.....
......>..........###.......
....###.........@o.........
....# #....................
...........................
###########################


You could see Urug.

Vanquished Creatures
  Erolcha (D:10)
  Pikel (D:4)
  A manticore (D:10)
  A cyclops (D:11)
  Joseph (D:10)
  Maggie (D:10)
  A gargoyle (D:9)
  A komodo dragon (D:11)
  A flying skull (Abyss:2)
  Sigmund (D:4)
  A wyvern (D:11)
  Eustachio (D:5)
  2 neqoxecs (Abyss:2)
  A steam dragon (D:9)
  2 wargs (D:9)
  Duvessa (D:4)
  A water moccasin (D:9)
  7 orc warriors
  3 ogres
  A black bear (D:6)
  8 centaurs
  A phantom (D:7)
  A kobold brigand (D:10)
  8 bullfrogs
  3 scorpions
  4 wights (D:9)
  2 gnoll sergeants
  Dowan (D:4)
  5 killer bees (D:11)
  2 howler monkeys
  A crimson imp (Abyss:2)
  4 orc priests
  Crazy Yiuf (D:4)
  A gnoll bouda (D:4)
  2 hounds
  A sleepcap (D:8)
  2 iguanas
  Terence (D:2)
  14 orc wizards
  12 gnolls
  10 adders
  3 white imps
  An ufetubus (D:5)
  A worm (D:2)
  A dart slug (D:2)
  56 orcs
  7 ball pythons
  9 bats
  7 endoplasms
  3 giant cockroaches
  7 goblins
  8 hobgoblins
  15 kobolds
  9 quokkas
  5 frilled lizards
  6 rats
252 creatures vanquished.

Notes
Turn   | Place    | Note
-------+----------+-------------------------------------------
     0 | D:1      | tizbic2 the Draconian Air Elementalist began the quest for
                  | the Orb.
     0 | D:1      | Reached XP level 1. HP: 14/14 MP: 3/3
   157 | D:1      | Reached XP level 2. HP: 11/22 MP: 1/5
   633 | D:1      | Reached skill level 1 in Fighting
   633 | D:1      | Reached XP level 3. HP: 26/28 MP: 6/6
   685 | D:1      | Learned a level 2 spell: Static Discharge
  1284 | D:2      | Reached XP level 4. HP: 34/35 MP: 5/7
  1974 | D:2      | Identified a scroll of acquirement
  1974 | D:2      | Acquired a +2 buckler of cold resistance
  2065 | D:3      | Noticed Terence
  2081 | D:2      | Killed Terence
  2118 | D:3      | Reached skill level 1 in Axes
  2129 | D:3      | Reached XP level 5. HP: 37/40 MP: 5/8
  2243 | D:3      | Reached skill level 1 in Shields
  2816 | D:4      | Found Roittir's Magic Scroll Boutique.
  2821 | D:4      | Noticed Sigmund
  2826 | D:4      | Bought a scroll of enchant weapon for 75 gold pieces
  2842 | D:4      | Killed Sigmund
  2843 | D:4      | Reached XP level 6. HP: 32/48 MP: 1/10
  3114 | D:4      | Noticed Duvessa
  3115 | D:4      | Noticed Pikel
  3115 | D:4      | Noticed Dowan
  3130 | D:4      | Killed Duvessa
  3131 | D:4      | Your scales start taking on a pale cyan-grey colour.
  3131 | D:4      | Reached skill level 5 in Air Magic
  3131 | D:4      | Reached XP level 7. HP: 37/56 MP: 7/11
  3131 | D:4      | Gained mutation: You are immune to the effects of steam.
                  | [Pale Draconian growth]
  3134 | D:4      | Killed Pikel
  3137 | D:4      | Killed Dowan
  3138 | D:4      | Reached XP level 8. HP: 19/63 MP: 2/13
  3293 | D:4      | Found a staircase to the Ecumenical Temple.
  3303 | Temple   | Entered the Ecumenical Temple
  3424 | Temple   | Became a worshipper of Vehumet
  3587 | D:4      | Found a runed translucent door.
  3588 | D:4      | Noticed Crazy Yiuf
  3593 | D:4      | Killed Crazy Yiuf
  3935 | D:5      | Entered Level 5 of the Dungeon
  3970 | D:5      | Reached skill level 1 in Fire Magic
  3970 | D:5      | Noticed Eustachio
  3983 | D:5      | Killed Eustachio
  4197 | D:5      | Found a runed translucent door.
  4242 | D:5      | Reached skill level 2 in Fire Magic
  4243 | D:5      | Reached * piety under Vehumet
  4243 | D:5      | Offered knowledge of Freeze by Vehumet.
  4512 | D:5      | Acquired 1033 gold pieces
  4679 | D:5      | Learned a level 1 spell: Freeze
  4742 | D:6      | Reached skill level 3 in Fire Magic
  4793 | D:6      | Reached XP level 9. HP: 68/71 MP: 7/14
  4850 | D:6      | Found a sacrificial altar of Ru.
  4866 | D:6      | Learned a level 4 spell: Airstrike
  4875 | D:6      | Found Ethuff's Book Shoppe.
  4884 | D:6      | Offered knowledge of Kiss of Death by Vehumet.
  4885 | D:6      | Reached ** piety under Vehumet
  4888 | D:6      | Bought a book of Scorching for 420 gold pieces
  4891 | D:6      | Learned a level 2 spell: Scorch
  4896 | D:6      | Learned a level 4 spell: Flame Wave
  5353 | D:7      | Reached skill level 4 in Fire Magic
  5571 | D:7      | Found a sparkling altar of Nemelex Xobeh.
  5577 | D:7      | Found a bloodstained altar of Trog.
  5722 | D:7      | Found a broken altar of Ashenzari.
  6070 | D:8      | Reached skill level 5 in Fire Magic
  6530 | D:9      | Reached skill level 5 in Fighting
  6609 | D:9      | You fall into a shaft and drop 1 floor!
  6609 | D:10     | Entered Level 10 of the Dungeon
  6613 | D:10     | Noticed a gargoyle
  6632 | D:9      | Killed a gargoyle
  6633 | D:9      | Reached skill level 5 in Dodging
  6797 | D:9      | Reached XP level 10. HP: 76/81 MP: 11/17
  6816 | D:9      | Offered knowledge of Dazzling Flash by Vehumet.
  6821 | D:9      | Learned a level 3 spell: Volatile Blastmotes
  6879 | D:9      | Reached skill level 6 in Fire Magic
  6886 | D:9      | Found a staircase to the Lair.
  6895 | D:9      | Reached skill level 5 in Spellcasting
  6901 | D:9      | Reached skill level 5 in Conjurations
  6921 | D:9      | Reached *** piety under Vehumet
  6960 | D:9      | Reached skill level 5 in Axes
  7664 | D:10     | Found a staircase to the Orcish Mines.
  7671 | D:10     | Offered knowledge of Olgreb's Toxic Radiance by Vehumet.
  7726 | D:10     | Noticed Joseph
  7738 | D:10     | Killed Joseph
  7747 | D:10     | Noticed Erolcha
  7763 | Abyss:2  | Cast into level 2 of the Abyss (Erolcha)
  7809 | Abyss:2  | Noticed a thrashing horror
  7862 | Abyss:2  | Reached skill level 7 in Fire Magic
  7879 | Abyss:2  | Found a corrupted altar of Lugonu.
  7903 | Abyss:2  | Noticed a naga warrior
  7911 | Abyss:2  | Noticed a large abomination
  7923 | Abyss:2  | Gained mutation: You are clumsy. (Dex -2) [a neqoxec]
  7925 | Abyss:2  | Gained mutation: Potions are less effective at restoring
                  | your health. [a neqoxec]
  7928 | Abyss:2  | Gained mutation: You are weak. (Str -2) [a neqoxec]
  7933 | Abyss:2  | Gained mutation: Your system is resistant to poisons.
                  | (rPois) [a neqoxec]
  7942 | Abyss:2  | Noticed a rakshasa
  7945 | D:10     | Escaped the Abyss
  7964 | D:10     | Killed Erolcha
  8068 | D:10     | Lost mutation: You are clumsy. (Dex -2) [potion of
                  | mutation]
  8068 | D:10     | Lost mutation: Your system is resistant to poisons. (rPois)
                  | [potion of mutation]
  8068 | D:10     | Gained mutation: You are somewhat resistant to further
                  | mutation. [potion of mutation]
  8235 | D:10     | Noticed Maggie
  8251 | D:10     | Killed Maggie
  8630 | D:11     | Noticed a manticore
  8635 | D:11     | Noticed a purple ugly thing
  8644 | D:10     | Killed a manticore
  8854 | D:11     | Reached XP level 11. HP: 84/91 MP: 12/19
  8856 | D:11     | Noticed Urug
  9044 | D:11     | Reached skill level 8 in Fire Magic
  9369 | D:11     | Slain by Urug

Illustrated notes

Levels and vault maps discovered:
D:1:      kilobyte_arrival_exit_the_forest, layout_basic
D:2:      layout_basic, st_stairs_14, minmay_misc_feat_five,
          kennysheep_generic_room_13
D:3:      layout_basic, minmay_misc_feat_room, minmay_circle_x, uniq_terence
D:4:      layout_layer_cave, minmay_temple_entry_poolview, serial_shops,
          nicolae_shop_statue_plus, uniq_sigmund, uniq_duvessa, uniq_pikel,
          uniq_crazy_yiuf_cottage
D:5:      layout_rooms, minmay_misc_feat_x, lightli_church_of_beogh,
          uniq_eustachio
D:6:      layout_basic, lemuel_round_altar, serial_shops, shop,
          lightli_orcish_oven
D:7:      layout_rooms, evilmike_ruin_ashenzari, mainiacjoe_overflow_big_doors
D:8:      layout_basic
D:9:      layout_basic, erik_lair_orcish_takeover
D:10:     layout_loops_cross, orc_david_3, uniq_maggie, uniq_joseph,
          uniq_erolcha
D:11:     layout_stronghold, minmay_misc_feat_tower, uniq_urug
Temple:   hc_temple_tempest_star

Skill      XL: |  1  2  3  4  5  6  7  8  9 10 11 |
---------------+----------------------------------+-----
Dodging        | 2 3 4 5 6 |  6.1
Fighting       | 1 2 3 5 6 |  6.6
Axes           | 1 2 3 4 5 |  5.9
Air Magic      | 4 5 6 7 |  7.2
Shields        | 2 3 4 |  4.0
Conjurations   | 2 3 4 5 6 |  6.0
Spellcasting   | 3 4 5 6 |  6.0
Fire Magic     | 3 5 7 8 |  8.1
Stealth        | |  1.7

Action                     |  1- 3 |  4- 6 |  7- 9 | 10-12 || total
---------------------------+-------+-------+-------+-------++-------
  Melee: Unarmed           |    14 |       |       |       ||    14
         Whip              |    12 |       |       |       ||    12
         Tailslap          |     7 |     7 |    18 |    25 ||    57
         Punch             |     1 |       |       |       ||     1
         Hand axe          |    66 |   129 |   148 |   165 ||   508
  Throw: Boomerang         |       |    15 |     8 |     2 ||    25
   Cast: Shock             |    18 |    20 |    20 |     5 ||    63
         Static Discharge  |     2 |     5 |       |       ||     7
         Scorch            |       |       |     7 |    15 ||    22
         Flame Wave        |       |       |     2 |     5 ||     7
         Airstrike         |       |       |     2 |       ||     2
         Volatile Blastmot |       |       |       |     7 ||     7
Ability: Breathe Steam     |       |       |    38 |    18 ||    56
    Use: Potion            |     1 |     1 |     1 |     5 ||     8
         Scroll            |     1 |    12 |    10 |     3 ||    26
   Stab: Sleeping          |     1 |     1 |     1 |     1 ||     4
         Distracted        |       |       |       |     1 ||     1
 Armour: Skin              |    44 |    53 |    41 |   108 ||   246
  Dodge: Dodged            |    75 |    74 |    90 |   135 ||   374
         Repelled          |       |     1 |     2 |     3 ||     6
  Block: Buckler           |       |    29 |    67 |    82 ||   178
